Map: Forteresse de fer EC

Players

AgCl

  • Race: Protoss Protoss

SelfSmarted - Winner!

  • Race: Zerg Zerg

VOD

Have the link to the VOD?

Description

Time

  • Played on: May 22, 2015, 4:07 p.m.
  • Length: 14:21
Show
View Real Time Build Order
Export as new Build Order

AgCl Protoss 

Build Orders: Oracle Opening, Oracle Opening, Carrier Rush 

Get SALT Encoding   

  12  0:15  Pylon  
  12  0:16  Probe  
  13  0:35  Probe  
  13  0:39  Gateway  
  14  0:48  Probe  
  15  0:54  Assimilator  
  15  1:00  Probe (Chrono Boost)  
  15  1:04  Pylon  
  17  1:11  Probe (Chrono Boost)  
  17  1:18  Probe (Chrono Boost)  
  18  1:29  Probe (Chrono Boost)  
  18  1:30  Cybernetics Core  
  22  1:40  Probe (Chrono Boost)  
  22  1:46  Probe  
  21  1:55  Assimilator  
  21  1:58  Probe  
  22  2:10  Probe  
  23  2:17  Stargate  
  23  2:22  Probe (Chrono Boost)  
  24  2:30  Nexus  
  24  2:31  Warp Gate  
  24  2:34  Probe (Chrono Boost)  
  25  2:44  Probe (Chrono Boost)  
  28  2:52  Mothership Core (Chrono Boost)  
  28  3:03  Pylon  
  27  3:16  Assimilator  
  27  3:17  Oracle (Chrono Boost)  
  30  3:21  Probe  
  32  3:35  Probe (Chrono Boost), Pylon, Gateway  
  32  3:43  Probe (Chrono Boost)  
  34  3:51  Probe (Chrono Boost)  
  34  3:52  Probe (Chrono Boost)  
  35  3:59  Fleet Beacon  
  35  4:02  Probe (Chrono Boost)  
  36  4:07  Probe (Chrono Boost)  
  37  4:13  Probe (Chrono Boost)  
  39  4:18  Probe (Chrono Boost)  
  39  4:20  Carrier (Chrono Boost)  
  39  4:22  Assimilator  
  40  4:24  Protoss Air Weapons Level 1 (Chrono Boost)  
  40  4:25  Probe (Chrono Boost)  
  40  4:26  Probe (Chrono Boost)  
  42  4:32  Probe (Chrono Boost)  
  42  4:33  Probe (Chrono Boost)  
  47  4:43  Probe  
  47  4:44  Probe  
  51  4:55  Probe  
  51  4:56  Probe (Chrono Boost)  
  53  5:04  Adept  
  55  5:07  Probe (Chrono Boost)  
  55  5:10  Nexus  
  55  5:11  Graviton Catapult  
  57  5:14  Probe (Chrono Boost)  
  57  5:17  Probe (Chrono Boost)  
  59  5:21  Probe (Chrono Boost)  
  59  5:24  Probe  
  60  5:45  Pylon  
  60  5:47  Twilight Council  
  60  5:48  Carrier (Chrono Boost)  
  60  5:52  Pylon  
  60  5:55  Forge  
  60  5:57  Pylon  
  60  6:03  Probe x2  
  68  6:12  Pylon  
  68  6:13  Protoss Air Weapons Level 2  
  68  6:15  Probe  
  68  6:16  Pylon  
  70  6:18  Probe, Assimilator  
  70  6:21  Gateway x2  
  70  6:32  Stargate  
  70  6:37  Protoss Ground Weapons Level 1 (Chrono Boost)  
  70  6:43  Probe, Carrier (Chrono Boost)  
  71  6:47  Probe (Chrono Boost)  
  71  6:48  Probe (Chrono Boost)  
  71  6:51  Assimilator  
  73  6:59  Probe (Chrono Boost)  
  73  7:00  Probe (Chrono Boost)  
  76  7:05  Probe (Chrono Boost)  
  84  7:08  Probe (Chrono Boost)  
  84  7:09  Shield Upgrade  
  84  7:10  Probe (Chrono Boost)  
  84  7:12  Probe (Chrono Boost)  
  84  7:13  Carrier (Chrono Boost)  
  85  7:19  Photon Cannon  
  85  7:21  Gateway  
  85  7:22  Probe x2  
  87  7:23  Probe  
  87  7:27  Gateway  
  94  7:34  Probe x2  
  94  7:36  Probe  
  97  7:40  Templar Archives  
  97  7:44  Pylon  
  97  7:46  Probe  
  97  7:49  Carrier (Chrono Boost)  
  98  7:59  Carrier (Chrono Boost)  
  98  8:05  Probe  
  98  8:14  Psionic Storm  
  98  8:17  Protoss Air Weapons Level 3 (Chrono Boost)  
  110  8:40  Pylon  
  110  8:41  Carrier (Chrono Boost), Protoss Ground Weapons Level 2 (Chrono Boost), Photon Cannon  
  110  8:44  Photon Cannon  
  110  8:49  Pylon  
  110  8:51  Gateway  
  110  8:55  Pylon  
  110  9:02  Gateway  
  110  9:04  Pylon  
  116  9:11  Carrier (Chrono Boost)  
  116  9:15  Adept  
  116  9:16  Nexus  
  118  9:18  Pylon  
  118  9:20  Photon Cannon  
  118  9:24  Pylon  
  118  9:26  Assimilator  
  118  9:31  Dark Shrine, Assimilator  
  121  10:06  Photon Cannon  
  121  10:09  Pylon  
  121  10:21  Charge (Chrono Boost)  
  121  10:22  Gateway  
  121  10:23  Gateway, Nexus, Carrier (Chrono Boost)  
  121  10:26  High Templar  
  121  10:27  High Templar x2  
  121  10:28  Pylon  
  127  10:29  High Templar  
  129  10:36  Zealot  
  129  10:37  Zealot x3  
  142  10:51  Photon Cannon  
  142  10:53  Assimilator  
  142  11:11  Dark Templar  
  142  11:12  Dark Templar x3  
  142  11:14  Adept x2  
  143  11:20  Carrier (Chrono Boost)  
  138  11:30  Protoss Air Armor Level 1 (Chrono Boost)  
  141  11:35  Probe x3 (Chrono Boost)  
  141  11:37  Protoss Ground Weapons Level 3  
  141  11:44  Robotics Facility  
  147  11:47  Pylon  
  147  11:48  Carrier (Chrono Boost)  
  147  11:52  Photon Cannon  
  151  12:18  Carrier (Chrono Boost)  
  153  12:41  Photon Cannon  
  151  12:44  Pylon  
  151  12:51  Carrier (Chrono Boost)  
  155  13:47  Assimilator  
  149  13:59  Archon  
  72  14:10  High Templar x2  
  72  14:12  Dark Templar x4  
  72  14:13  Dark Templar  
Show
View Real Time Build Order
Export as new Build Order

SelfSmarted Zerg - Winner!

Build Orders: Hatch First 

Get SALT Encoding   

  12  0:01  Drone  
  13  0:13  Overlord  
  13  0:17  Drone  
  14  0:31  Drone x2  
  16  0:50  Hatchery  
  16  0:55  Drone  
  16  0:56  Drone  
  17  0:59  Drone  
  18  1:13  Spawning Pool  
  18  1:16  Drone  
  18  1:26  Extractor  
  18  1:27  Drone  
  18  1:30  Drone  
  19  1:41  Drone  
  20  1:52  Overlord  
  20  2:02  Queen  
  20  2:03  Queen  
  20  2:04  Drone  
  20  2:05  Overlord  
  25  2:13  Drone  
  25  2:15  Drone  
  27  2:36  Drone x4  
  31  2:39  Lair  
  31  2:45  Drone  
  32  2:57  Drone x3  
  35  3:02  Spore Crawler  
  35  3:04  Burrow  
  34  3:06  Spore Crawler  
  34  3:07  Drone x2  
  35  3:17  Overlord x2  
  35  3:23  Extractor  
  35  3:24  Drone  
  35  3:25  Drone x4  
  39  3:28  Zergling x2  
  39  3:30  Overlord, Extractor  
  39  3:35  Extractor  
  38  3:46  Drone x3  
  38  3:47  Drone  
  42  3:56  Drone  
  42  4:01  Drone  
  44  4:23  Evolution Chamber x2  
  42  4:25  Hydralisk Den  
  42  4:26  Drone x3  
  42  4:28  Drone  
  42  4:29  Drone x5  
  50  4:59  Zerg Missile Weapons Level 1, Hydralisk, Zerg Ground Armor Level 1  
  50  5:00  Hydralisk x4  
  50  5:02  Hatchery  
  50  5:05  Muscular Augments  
  59  5:14  Metabolic Boost  
  59  5:21  Overlord  
  59  5:22  Overlord  
  59  5:34  Roach Warren  
  58  5:58  Zergling x2  
  58  5:59  Zergling x38  
  78  6:13  Queen  
  80  6:29  Drone  
  80  6:30  Drone x9  
  80  6:32  Overlord  
  90  6:37  Overlord  
  90  6:39  Overseer  
  90  6:49  Spore Crawler  
  89  6:56  Extractor x2  
  89  6:59  Drone x6  
  89  7:00  Drone x2  
  89  7:01  Drone x3  
  96  7:21  Spire  
  95  7:24  Zerg Ground Armor Level 2, Zerg Missile Weapons Level 2  
  95  7:25  Infestation Pit  
  95  7:27  Hydralisk x4  
  95  7:28  Hydralisk  
  104  7:30  Overlord x3  
  104  7:45  Drone  
  104  7:47  Overlord x2  
  104  7:49  Drone  
  104  7:50  Drone x3  
  107  8:11  Hive  
  107  8:16  Hatchery  
  107  8:17  Lurker Den  
  106  8:29  Overlord x2  
  106  8:30  Overlord  
  106  8:34  Glial Reconstitution  
  106  8:46  Drone  
  107  8:51  Drone x7  
  107  8:52  Drone x3  
  107  8:53  Hydralisk x10  
  107  8:54  Hydralisk  
  139  9:01  Extractor  
  138  9:06  Extractor  
  137  9:18  Drone x4  
  141  9:30  Viper x2  
  141  9:31  Viper x5  
  164  9:52  Viper  
  159  9:56  Spore Crawler  
  154  10:03  Drone x5  
  159  10:08  Drone  
  159  10:13  Queen  
  162  10:18  Overlord x4  
  162  10:19  Hydralisk x3  
  162  10:20  Hydralisk x3  
  174  10:23  Zerg Ground Armor Level 3, Zerg Missile Weapons Level 3  
  174  10:48  Hydralisk  
  174  10:49  Hydralisk x11  
  188  11:30  Drone x2  
  188  11:31  Drone x5, Spine Crawler  
  188  11:32  Spine Crawler x3, Queen  
  193  11:44  Zergling x4  
  193  11:45  Zergling x8  
  199  12:22  Hatchery  
  197  12:27  Overseer x2  
  197  12:28  Overseer x5  
  197  12:31  Queen  
  197  12:36  Spine Crawler x2  
  195  12:37  Spine Crawler  
  195  12:39  Spine Crawler  
  193  12:55  Hatchery  
  187  13:05  Spore Crawler  
  186  13:28  Hydralisk x7  
Tags
 
Add a new tag
Caveats
  • Supply blocks, unpowered buildings, or Contaminate may cause inaccurate times.
  • Supply counts are checked every 10 seconds.